 Dungeon Crawl Stone Soup version 0.21.1-1-g345015f (webtiles) character file.

140 inc the Magician (level 5, -4/31 HPs)
             Began as an Octopode Conjurer on Mar 16, 2018.
             Slain by a worker ant (6 damage)
             ... on level 4 of the Dungeon.
             The game lasted 00:03:07 (2753 turns).

inc the Magician (Octopode Conjurer)                Turns: 2753, Time: 00:03:08

Health: -4/31      AC:  1    Str:  8    XL:     5   Next: 22%
Magic:  0/12       EV: 13    Int: 18    God:
Gold:   151        SH:  0    Dex: 12    Spells: 12/13 levels left

rFire    . . .     SeeInvis .   (no weapon)
rCold    . . .     Gourm    .   (no shield)
rNeg     . . .     Faith    .   (helmet restricted)
rPois    .         Spirit   .   (no amulet)
rElec    .         Reflect  .   (no ring)
rCorr    .         Harm     .   (no ring)
MR       .....                  (no ring)
Stlth    +++.......             (no ring)
HPRegen  0.10/turn              (no ring)
MPRegen  0.13/turn              (no ring)
                                (no ring)
                                (no ring)

@: lethally poisoned (-4 -> -26), flying
A: almost no armour, stealthy swim, amphibious, 8 rings, constrict 8, camouflage
1, gelatinous body 1
a: no special abilities


You were on level 4 of the Dungeon.
You were hungry.

You visited 1 branch of the dungeon, and saw 4 of its levels.

You collected 151 gold pieces.

Inventory:

Jewellery
 d - an uncursed ring of positive energy {unknown}
 i - an uncursed ring of protection from fire {unknown}
Scrolls
 c - 2 scrolls of remove curse {unknown}
 e - 2 scrolls of magic mapping {unknown}
 f - a scroll of immolation {unknown}
 g - a scroll of identify {unknown}
 h - a scroll of fog {unknown}
 j - a scroll of enchant weapon {unknown}
 m - a scroll of enchant armour {unknown}
Books
 a - a book of Conjurations

   Spells                             Type                      Level
   a - Magic Dart                     Conjuration                  1
   b - Searing Ray                    Conjuration                  2
   c - Dazzling Spray                 Conjuration/Hexes            3
   d - Fulminant Prism                Conjuration/Hexes            4
   e - Force Lance                    Conjuration/Translocation    4
   f - Iskenderun's Mystic Blast      Conjuration                  4
Comestibles
 b - 7 rations


   Skills:
 - Level 2.0 Dodging
 - Level 2.6 Stealth
 + Level 4.9 Spellcasting
 - Level 4.0 Conjurations


You had 12 spell levels left.
You knew the following spells:

 Your Spells              Type           Power        Failure   Level  Hunger
a - Magic Dart            Conj           ###.         2%          1    None


Dungeon Overview and Level Annotations

Branches:
Dungeon (4/15)
 Temple: D:4-7

Altars:
Dithmenos
Elyvilon
Sif Muna
Yredelemnul
Zin

Annotations:
D:3 inc's ghost, amateur OpTm


Innate Abilities, Weirdness & Mutations

You cannot wear most types of armour.
You are very stealthy in the water. (Stealth+)
You are amphibious.
You can wear up to eight rings at the same time.
You can use your tentacles to constrict eight enemies at once.
Your skin changes colour to match your surroundings (Stealth+).
Your rubbery body absorbs attacks. (AC +1, EV +1)


Message History

The worker ant poisons you! The worker ant closely misses you.
It was a potion of flight.
You feel very buoyant.
You fly up into the air.
* * * LOW HITPOINT WARNING * * *
You feel sick. The worker ant bites you.
* * * LOW HITPOINT WARNING * * *
Casting: Magic Dart
Confirm with . or Enter, or press ? or * to list all spells.
You don't have enough magic to cast that spell.
Unknown command.
Casting: Magic Dart
Confirm with . or Enter, or press ? or * to list all spells.
You don't have enough magic to cast that spell.
Unknown command.
You barely miss the worker ant. Your grab misses the worker ant.
The worker ant is severely wounded.
* * * LOW HITPOINT WARNING * * *
You feel sick. The worker ant bites you.
You die...

#.. .. #.# .# #(#
.# # #.##.##.####
#.#.......Z.
$####
#.#..##.#?.#
#...(.#..........
#.a@..........
####...#.#...#
#.....#...#.
#...........
#.#..##..##
#.........#
####.####.#
#[.....^#######
#..#.##)#.....#


You could see a worker ant.

Vanquished Creatures
  A hound (D:4)
  3 adders
  2 shadow imps (D:3)
  A dart slug (D:1)
  4 leopard geckos
  2 orcs
  A giant cockroach (D:1)
  7 goblins
  5 hobgoblins
  7 jackals (D:1)
  A quokka (D:3)
  4 bats
  11 frilled lizards
  9 kobolds
  A leopard gecko skeleton (D:4)
  4 rats
63 creatures vanquished.

Notes
Turn   | Place    | Note
-------+----------+-------------------------------------------
     0 | D:1      | inc the Octopode Conjurer began the quest for the Orb.
     0 | D:1      | Reached XP level 1. HP: 11/11 MP: 3/3
   173 | D:1      | Reached XP level 2. HP: 12/17 MP: 1/5
   825 | D:1      | Reached XP level 3. HP: 12/21 MP: 2/7
   936 | D:1      | You fall through a shaft!
   944 | D:2      | Found a deep blue altar of Sif Muna.
   944 | D:2      | Found a shadowy altar of Dithmenos.
  1021 | D:3      | Noticed inc's ghost (amateur OpTm)
  1775 | D:2      | Reached XP level 4. HP: 27/27 MP: 4/9
  1838 | D:2      | Found a white marble altar of Elyvilon.
  2580 | D:3      | Found a basalt altar of Yredelemnul.
  2582 | D:3      | Found a glowing silver altar of Zin.
  2683 | D:4      | Noticed an ogre
  2747 | D:4      | Reached XP level 5. HP: 20/31 MP: 3/12
  2753 | D:4      | Slain by a worker ant

Skill      XL: |  1  2  3  4 |
---------------+-------------+-----
Spellcasting   | 3 4 |  4.9
Dodging        | |  2.0
Stealth        | |  2.6
Conjurations   | |  4.0

Action                   |  1- 3 |  4- 6 || total
-------------------------+-------+-------++-------
Melee: Unarmed           |    31 |     4 ||    35
       Constrict         |     6 |       ||     6
       Tentacles         |     3 |     2 ||     5
 Cast: Magic Dart        |    63 |    64 ||   127
  Use: Potion            |       |     1 ||     1
  Eat: Chunk             |     2 |     3 ||     5
Dodge: Dodged            |    23 |     8 ||    31
